 Dungeon Crawl Stone Soup version 0.14-a0-3207-g29e27d4 (webtiles) character file.

1134 ProjectEKO the Jinx (level 7, -11/46 HPs)
             Began as a Vampire Enchanter on Mar 11, 2014.
             Was a Follower of Ashenzari.
             Mangled by an ogre
             ... wielding a +0,+0 giant spiked club
              (31 damage)
             ... on Level 6 of the Dungeon.
             The game lasted 00:21:53 (5766 turns).

ProjectEKO the Jinx (Vampire Enchanter)             Turns: 5766, Time: 00:21:53

HP -11/46        AC  0     Str  2      XL: 7   Next: 75%
MP   5/12        EV 20     Int 19      God: Ashenzari [*.....]
Gold 255         SH  0     Dex 19      Spells:  2 memorised,  5 levels left

rFire  . . .     SeeInvis +     l - melded +1,+0 short sword (curse)
rCold  + . .     Clarity  .     b - melded +1 robe
rNeg   + + .     Conserve .     (shield currently unavailable)
rPois  +         rCorr    .     x - melded +0 helmet
rElec  .         rRot     +     e - melded +1 cloak
SustAb . .       Spirit   .     (gloves currently unavailable)
rMut   .         Warding  .     u - melded +0 pair of boots "Dilabesk" {rN+ Dex+2}
Saprov . . .     Stasis   .     (no amulet)
MR     .....                    (ring currently unavailable)
                                m - melded ring of sustain abilities

@: bat-form, regenerating slowly, flying, very quick, not resistant to hostile
enchantments, extremely stealthy
A: bottle blood, (fangs 0), see invisible, (unbreathing)
a: Bottle Blood, End Transformation, Renounce Religion


You were on level 6 of the Dungeon.
You worshipped Ashenzari.
Ashenzari was aware of your devotion.
You were thirsty.
You were in vampire bat-form.
You visited 2 branches of the dungeon, and saw 7 of its levels.

You collected 255 gold pieces.

Inventory:

Hand weapons
 a - a +1,+2 dagger
 l - a cursed +1,+0 short sword (melded)
Missiles
 d - 11 darts (quivered)
Armour
 b - a +1 robe (melded)
 e - a +1 cloak (melded)
 j - a +2 pair of boots
 u - the +0 pair of boots "Dilabesk" (melded) {rN+ Dex+2}
   (You found it on level 5 of the Dungeon)

   It affects your dexterity (+2).
   It protects you from negative energy.
 x - a +0 helmet (melded)
Magical devices
 o - a wand of frost (2)
 p - a wand of disintegration (11)
 r - a wand of magic darts (8)
Scrolls
 f - a scroll of remove curse
 k - 4 scrolls of identify
 q - a scroll of curse weapon
 w - a scroll of curse jewellery
Jewellery
 m - a ring of sustain abilities (melded)
 v - an uncursed ring of sustain abilities
Potions
 h - 4 potions of blood
 n - a potion of heal wounds {unknown}
 s - 4 potions of curing
Books
 c - a book of Maledictions

   Spells                             Type                      Level
   Corona                             Hexes                        1
   Sure Blade                         Hexes/Charms                 2
   *Ensorcelled Hibernation           Hexes/Ice                    2
   *Confuse                           Hexes                        3
   Enslavement                        Hexes                        4
   Invisibility                       Hexes                        6
 g - a book of Hinderance

   Spells                             Type                      Level
   Confusing Touch                    Hexes                        1
   Slow                               Hexes                        2
   *Confuse                           Hexes                        3
   Petrify                            Transmutation/Earth          4
   Leda's Liquefaction                Hexes/Earth                  4
   Metabolic Englaciation             Hexes/Ice                    5
 i - Sif Muna's Guide on Sinister Rites
   (You found it on level 4 of the Dungeon)

   Spells                             Type                      Level
   Pain                               Necromancy                   1


   Skills:
 - Level 5.0 Short Blades
 - Level 0.7 Throwing
 - Level 2.1 Dodging
 - Level 8.2 Stealth
 - Level 2.0 Spellcasting
 + Level 9.3 Hexes


You had 5 spell levels left.
You knew the following spells:

 Your Spells              Type           Power        Failure   Level  Hunger
b - Ensorcelled Hibernat  Hex/Ice        ###...       14%         2    ##.....
c - Confuse               Hex            #####...     6%          3    ####...


Dungeon Overview and Level Annotations

Branches:
Dungeon (6/16)             Temple (1/1) D:4

Altars:
Ashenzari
Fedhas
Kikubaaqudgha
Sif Muna
Trog
Vehumet
Xom
Yredelemnul
The Shining One

Annotations:
D:3 Purgy
D:4 Pikel


Innate Abilities, Weirdness & Mutations

You heal slowly.
You can bottle blood from corpses.
((You have razor-sharp teeth.))*
You have supernaturally acute eyesight.
((You can survive without breathing.))*


Message History

The ogre resists.
There is an open door here.
Read which item? (? for menu, Esc to quit)
Okay, then.
Drink which item? (? for menu, Esc to quit)
Okay, then.
There is an open door here.
Use which ability? (? or * to list)
There isn't anything here!
Use which ability? (? or * to list)
You turn into a vampire bat.
Your cursed +1,+0 short sword melds into your body.
Your +1 cloak melds into your body.
Your +0 helmet melds into your body.
The +0 pair of boots "Dilabesk" {rN+ Dex+2} melds into your body.
You feel clumsy.
Your +1 robe melds into your body.
Your ring of sustain abilities melds into your body.
The ogre hits you with a giant spiked club!
Ouch! That really hurt!
You die...

#....>..#
#........#
####'####
#........# ##.#
#........# #..#
###.###### #.##
#..# ####.# ##.#
..##.# #.#
#.##.#####
#######'#
#........#
#.Ob....#
#........#
###.#####.#
#........###.'.#
..#
#........#...#.#
###
#..........###...
.........###
###+# #........#
####.#####
####..#######


You could see an ogre.

Vanquished Creatures
  4 slaves (D:4)
  A centaur (D:5)
  A phantom (D:5)
  Sigmund (D:3)
  2 orc priests
  A crimson imp (D:5)
  A hound (D:5)
  A jelly (D:5)
  2 giant frog zombies (D:5)
  Crazy Yiuf (D:3)
  7 orc wizards
  2 worker ants (D:6)
  Ijyb (D:3)
  4 adders
  2 worms
  An orc zombie (D:5)
  4 giant geckos
  An ooze (D:3)
  8 orcs
  10 bats
  4 giant cockroaches
  12 goblins
  15 hobgoblins
  4 jackals (D:3)
  13 kobolds
  3 quokkas
  A ball python (D:1)
  2 giant newts
  A goblin skeleton (D:5)
  A jackal skeleton (D:4)
  A kobold skeleton (D:4)
  14 rats
  A fungus (D:3)
127 creatures vanquished.

Vanquished Creatures (others)
  An ogre (D:4)
  A worker ant (D:4)
  An orc (D:4)
  A giant cockroach (D:4)
  A hobgoblin (D:4)
  A kobold (D:4)
  A quokka (D:4)
  A rat (D:4)
8 creatures vanquished.

Grand Total: 135 creatures vanquished

Notes
Turn   | Place    | Note
--------------------------------------------------------------
     0 | D:1      | ProjectEKO, the Vampire Enchanter, began the quest for the Orb.
     0 | D:1      | Reached XP level 1. HP: 13/13 MP: 3/3
   262 | D:1      | Reached XP level 2. HP: 11/19 MP: 4/4
   768 | D:1      | Learned a level 2 spell: Ensorcelled Hibernation
   920 | D:1      | Reached XP level 3. HP: 24/24 MP: 6/6
   984 | D:2      | Found a basalt altar of Yredelemnul.
  1128 | D:2      | Found a glowing golden altar of the Shining One.
  1406 | D:2      | Reached skill level 5 in Stealth
  1456 | D:2      | Found a blossoming altar of Fedhas.
  1540 | D:2      | Reached XP level 4. HP: 30/30 MP: 7/7
  1575 | D:2      | Found a shattered altar of Ashenzari.
  1583 | D:2      | Became a worshipper of Ashenzari the Shackled
  1944 | D:3      | Noticed Ijyb
  1952 | D:3      | Killed Ijyb
  2096 | D:3      | Noticed Purgy
  2319 | D:3      | Found a radiant altar of Vehumet.
  2327 | D:3      | Noticed Sigmund
  2331 | D:3      | Killed Sigmund
  2331 | D:3      | Reached skill level 6 in Stealth
  2331 | D:3      | Reached XP level 5. HP: 29/35 MP: 3/9
  2572 | D:3      | Noticed Crazy Yiuf
  2582 | D:3      | Killed Crazy Yiuf
  2721 | D:4      | Killed an ogre
  2727 | D:4      | Found a shimmering altar of Xom.
  3100 | D:4      | Found a staircase to the Ecumenical Temple.
  3108 | Temple   | Entered the Ecumenical Temple
  3337 | D:4      | Reached skill level 7 in Stealth
  3337 | D:4      | Reached XP level 6. HP: 18/41 MP: 3/10
  3561 | D:4      | Noticed a slave
  3582 | D:4      | Killed a slave
  3587 | D:4      | Learned a level 3 spell: Confuse
  3631 | D:4      | Reached skill level 5 in Short Blades
  3643 | D:4      | Noticed Pikel
  3645 | D:4      | Noticed a slave
  3647 | D:4      | Noticed a slave
  3667 | D:4      | Killed a slave
  3805 | D:4      | Noticed a slave
  3821 | D:4      | Killed a slave
  3883 | D:4      | Killed a slave
  4273 | D:4      | Found a deep blue altar of Sif Muna.
  4314 | D:4      | Reached skill level 8 in Stealth
  4361 | D:4      | Identified Sif Muna's Guide on Sinister Rites
  4435 | D:5      | Entered Level 5 of the Dungeon
  4559 | D:5      | Reached skill level 5 in Hexes
  4569 | D:5      | Identified the +0 pair of boots "Dilabesk" {rN+ Dex+2}
  4637 | D:5      | Reached XP level 7. HP: 41/46 MP: 3/12
  5472 | D:5      | Reached skill level 9 in Hexes
  5645 | D:6      | Found an ancient bone altar of Kikubaaqudgha.
  5766 | D:6      | Mangled by an ogre

Action                   |  1- 3 |  4- 6 |  7- 9 || total
-------------------------+-------+-------+-------++-------
Melee: Dagger            |    94 |       |       ||    94
       Short sword       |     7 |   148 |    55 ||   210
Throw: Dart              |       |     1 |       ||     1
 Cast: Ensorcelled Hiber |     9 |    50 |    17 ||    76
       Confuse           |       |       |     5 ||     5
 Abil: Bottle Blood      |       |     4 |     4 ||     8
       Bat Form          |       |     3 |     1 ||     4
       End Transformatio |       |     3 |       ||     3
Evoke: Wand              |       |    23 |       ||    23
  Use: Scroll            |     4 |     9 |     3 ||    16
       Potion            |       |     8 |     4 ||    12
 Stab: Sleeping          |    13 |    39 |    13 ||    65
       Confused          |       |       |     4 ||     4
